Map: Acid Plant LE

Players

Zanster

  • Race: Zerg Zerg
  • Spawn Location: 5:00

Cham - Winner!

  • Race: Zerg Zerg
  • Spawn Location: 11:00

Event: WCS Montreal 2018

VOD

Have the link to the VOD?

Description

Time

  • Played on: Sept. 7, 2018, 5:27 p.m.
  • Length: 11:24

All games in this series

Show
View Real Time Build Order
Export as new Build Order

Zanster Zerg 

Build Orders: Hatch First 

Get SALT Encoding   

  12  0:00  Drone  
  13  0:12  Overlord  
  13  0:16  Drone  
  14  0:30  Drone x2  
  14  0:34  Drone  
  17  0:51  Hatchery  
  17  0:54  Drone  
  17  0:57  Drone  
  18  1:07  Extractor  
  17  1:12  Spawning Pool  
  17  1:15  Drone  
  17  1:19  Drone  
  18  1:27  Drone  
  19  1:38  Drone  
  20  1:49  Drone  
  21  1:59  Overlord  
  21  2:02  Queen  
  21  2:03  Drone  
  21  2:04  Queen  
  26  2:09  Metabolic Boost  
  26  2:10  Drone  
  26  2:14  Drone  
  28  2:21  Drone  
  29  2:25  Drone  
  30  2:34  Hatchery  
  30  2:35  Zergling x2  
  30  2:42  Queen  
  32  2:46  Drone  
  32  2:49  Overlord  
  33  2:52  Drone  
  33  2:54  Drone  
  35  3:02  Roach Warren  
  35  3:04  Drone  
  35  3:06  Drone  
  35  3:11  Zergling x4  
  38  3:14  Zergling x2  
  38  3:15  Zergling x2  
  38  3:17  Zergling x2  
  38  3:19  Zergling x2  
  42  3:24  Overlord  
  42  3:28  Overlord  
  42  3:37  Drone x2  
  44  3:41  Evolution Chamber  
  44  3:42  Drone x2  
  44  3:43  Drone x2  
  44  3:46  Drone  
  44  3:47  Drone  
  49  3:50  Drone  
  49  3:51  Drone  
  49  3:55  Overlord  
  51  3:57  Drone  
  52  4:05  Roach x3  
  57  4:13  Roach  
  57  4:14  Roach x2  
  57  4:16  Roach  
  59  4:19  Extractor  
  59  4:20  Zerg Missile Weapons Level 1  
  58  4:27  Roach x2  
  58  4:30  Roach  
  64  4:32  Overlord  
  64  4:36  Drone x4  
  68  4:43  Drone x4  
  72  4:46  Overlord  
  72  4:53  Zergling x6  
  72  4:57  Lair  
  72  4:58  Drone  
  72  4:59  Drone  
  77  5:00  Drone  
  77  5:02  Drone  
  77  5:03  Drone  
  77  5:05  Drone  
  77  5:06  Drone  
  82  5:09  Drone  
  82  5:13  Overlord  
  83  5:15  Drone  
  83  5:17  Drone x3  
  83  5:18  Extractor x2  
  83  5:20  Overlord  
  85  5:21  Drone  
  85  5:27  Drone  
  87  5:29  Drone  
  87  5:30  Drone x2  
  87  5:31  Overlord  
  87  5:34  Drone  
  87  5:35  Drone  
  91  5:40  Roach x5  
  99  5:44  Overlord  
  99  5:46  Roach  
  101  6:02  Hatchery, Zergling x16  
  109  6:04  Zergling x2  
  109  6:05  Zergling x2  
  109  6:08  Glial Reconstitution  
  109  6:10  Roach x2  
  114  6:14  Zergling x8  
  114  6:17  Zerg Missile Weapons Level 2  
  118  6:20  Overlord  
  118  6:24  Roach x2  
  122  6:30  Overlord x3  
  121  6:41  Roach x3  
  121  6:42  Roach  
  121  6:45  Nydus Network, Overlord  
  126  6:50  Queen x3  
  114  7:04  Drone x7  
  114  7:05  Drone x3  
  118  7:13  Roach  
  118  7:14  Roach x5  
  122  7:19  Overlord  
  122  7:20  Spore Crawler  
  112  7:25  Queen  
  112  7:26  Spore Crawler x2  
  112  7:27  Nydus Canal  
  112  7:29  Spore Crawler, Queen  
  113  7:36  Roach  
  113  7:37  Roach x4  
  123  7:39  Overlord  
  123  7:43  Drone x5  
  128  7:47  Drone  
  128  7:48  Drone  
  128  7:49  Overlord  
  130  7:51  Hydralisk Den  
  130  7:55  Drone x5  
  130  7:56  Spore Crawler, Drone  
  128  7:59  Spore Crawler  
  128  8:01  Overlord  
  127  8:05  Nydus Canal  
  127  8:10  Extractor, Overlord  
  126  8:15  Roach x4  
  126  8:16  Overlord  
  132  8:25  Infestation Pit  
  132  8:26  Extractor  
  132  8:27  Drone x4, Spore Crawler  
  121  8:29  Extractor  
  121  8:30  Hydralisk x4  
  121  8:33  Zerg Ground Armor Level 1  
  130  8:34  Spore Crawler  
  130  8:37  Spore Crawler  
  130  8:38  Spore Crawler, Overlord  
  125  8:47  Hydralisk x4  
  123  8:51  Overlord  
  123  8:55  Hydralisk  
  121  9:00  Roach x3  
  121  9:01  Overlord  
  124  9:05  Spore Crawler  
  124  9:07  Spore Crawler  
  124  9:08  Spore Crawler, Roach  
  124  9:09  Roach x4  
  117  9:22  Nydus Canal, Hatchery  
  117  9:23  Hydralisk  
  117  9:24  Hydralisk  
  111  9:33  Drone x6  
  103  9:47  Hydralisk  
  103  9:48  Hydralisk x4  
  107  10:04  Roach x3  
  107  10:05  Roach x4  
  113  10:12  Queen  
  113  10:13  Queen  
  115  10:18  Hydralisk x3  
  121  10:21  Hydralisk  
  121  10:24  Hydralisk  
  119  10:30  Hydralisk  
  119  10:34  Overlord  
  121  10:39  Spore Crawler  
  120  10:43  Roach  
  120  10:44  Roach x3  
  120  10:46  Overlord  
  120  10:49  Drone x2  
  128  10:50  Extractor  
  97  10:59  Hydralisk x3  
Show
View Real Time Build Order
Export as new Build Order

Cham Zerg - Winner!

Build Orders: Hatch First, Muta Ling Bane 

Get SALT Encoding   

  12  0:00  Drone  
  13  0:08  Drone  
  14  0:17  Overlord  
  14  0:36  Drone x3  
  17  0:51  Hatchery  
  17  0:56  Drone  
  17  0:58  Drone  
  17  1:01  Extractor  
  17  1:13  Spawning Pool  
  17  1:17  Drone  
  17  1:20  Drone  
  18  1:30  Drone  
  19  1:45  Drone  
  20  1:55  Overlord  
  20  2:03  Queen, Metabolic Boost  
  20  2:04  Queen  
  20  2:06  Zergling x2  
  25  2:10  Drone  
  25  2:13  Drone  
  25  2:14  Drone  
  28  2:25  Drone x2  
  30  2:37  Hatchery  
  29  2:44  Drone  
  29  2:45  Baneling Nest  
  29  2:50  Zergling x2  
  30  2:52  Overlord  
  30  2:55  Zergling x2  
  30  2:57  Drone  
  32  2:59  Drone  
  33  3:07  Drone  
  33  3:08  Drone  
  35  3:14  Zergling x2  
  35  3:15  Drone x3  
  35  3:17  Drone  
  35  3:19  Drone  
  41  3:22  Drone  
  41  3:26  Drone  
  43  3:29  Baneling x2  
  43  3:32  Lair  
  43  3:34  Zergling x2  
  43  3:44  Overlord  
  43  3:49  Queen  
  43  3:50  Zergling x4  
  43  3:53  Drone x2  
  49  4:02  Overlord  
  49  4:04  Extractor  
  49  4:07  Drone x2  
  47  4:10  Drone x2  
  47  4:13  Drone  
  47  4:15  Drone x2  
  47  4:16  Roach Warren  
  47  4:17  Drone  
  50  4:20  Extractor  
  50  4:22  Extractor, Zergling x4  
  50  4:24  Baneling x2  
  50  4:26  Drone  
  50  4:28  Drone  
  52  4:31  Drone x2  
  52  4:35  Zergling x2  
  52  4:36  Zergling x2  
  56  4:39  Overlord  
  56  4:44  Overlord  
  56  4:48  Zergling x2  
  56  4:49  Drone x2  
  56  4:50  Zergling x2  
  60  4:55  Drone  
  60  4:59  Spire  
  59  5:00  Drone  
  59  5:02  Drone  
  59  5:06  Drone x2  
  63  5:08  Drone  
  63  5:09  Drone  
  63  5:10  Drone  
  63  5:13  Drone  
  67  5:15  Baneling x2  
  67  5:17  Drone x2  
  69  5:22  Drone x3  
  69  5:27  Drone x2  
  74  5:32  Overlord  
  74  5:35  Drone x3  
  76  5:36  Overlord  
  76  5:39  Drone x2  
  76  5:42  Zergling x4  
  80  5:43  Extractor, Zergling x2  
  80  5:44  Extractor  
  80  5:45  Zergling x2  
  80  5:46  Zergling x2  
  80  5:48  Zergling x2  
  82  5:51  Zergling x4  
  82  5:52  Zergling x2  
  82  5:53  Zergling x2  
  85  6:06  Spine Crawler  
  85  6:07  Spine Crawler  
  82  6:13  Mutalisk x6  
  82  6:16  Mutalisk  
  96  6:22  Overlord x3  
  96  6:25  Zergling x2  
  97  6:28  Overlord  
  97  6:30  Overlord  
  97  6:37  Overlord  
  96  6:41  Mutalisk x2  
  96  6:42  Mutalisk x2  
  96  6:44  Mutalisk  
  98  6:56  Mutalisk x3  
  91  7:01  Mutalisk  
  91  7:03  Zergling x2  
  91  7:04  Zergling x8  
  94  7:09  Mutalisk  
  94  7:12  Zergling x8  
  100  7:17  Drone  
  100  7:18  Drone x2  
  100  7:20  Overseer  
  100  7:22  Drone x2  
  105  7:23  Drone  
  105  7:28  Drone x2  
  105  7:29  Drone  
  109  7:30  Zergling x2  
  109  7:31  Zergling x2  
  109  7:33  Drone  
  109  7:36  Drone  
  109  7:37  Drone x2  
  115  7:38  Zergling x2  
  115  7:41  Mutalisk  
  118  7:45  Mutalisk  
  118  7:47  Mutalisk x2  
  124  7:52  Zergling x2  
  124  7:56  Mutalisk  
  124  7:57  Overlord x2  
  125  8:04  Baneling x5  
  125  8:07  Mutalisk  
  125  8:09  Zergling x8  
  130  8:17  Mutalisk  
  124  8:21  Zerg Flyer Weapons Level 1  
  124  8:25  Zergling x4  
  127  8:27  Zergling x2  
  127  8:29  Zergling x4  
  127  8:30  Zergling x4, Centrifical Hooks  
  127  8:31  Hatchery  
  130  8:34  Overseer  
  130  8:37  Zergling x2  
  130  8:38  Zergling x4  
  131  8:45  Zergling x6  
  131  8:47  Mutalisk  
  133  8:52  Mutalisk x2  
  133  8:55  Zergling x2  
  137  8:58  Mutalisk  
  137  8:59  Zergling x4  
  137  9:01  Zergling x2  
  137  9:02  Zergling x4  
  141  9:03  Baneling x4  
  141  9:06  Zergling x4  
  141  9:13  Overseer  
  136  9:18  Mutalisk x2  
  136  9:19  Zergling x2  
  136  9:24  Queen  
  126  9:25  Mutalisk  
  126  9:26  Zergling x2  
  126  9:30  Mutalisk  
  125  9:36  Zergling x4  
  122  9:40  Mutalisk  
  122  9:44  Drone x2  
  125  9:46  Queen  
  125  9:50  Mutalisk  
  125  9:51  Zergling x2  
  130  9:53  Zergling x8  
  130  9:54  Zergling x4  
  130  9:57  Zergling x4  
  135  10:00  Mutalisk  
  135  10:01  Zergling x2  
  135  10:06  Zergling x4  
  140  10:09  Zergling x2  
  140  10:11  Zergling x2  
  141  10:17  Zergling x2  
  141  10:18  Zergling x2  
  143  10:21  Baneling  
  143  10:22  Baneling x11  
  143  10:23  Baneling x2  
  143  10:27  Zergling x6  
  146  10:32  Zergling x6  
  149  10:37  Zergling x6  
  149  10:40  Zergling x2  
  153  10:43  Baneling  
  153  10:44  Baneling x10  
  153  10:45  Zergling x10  
  153  10:46  Zergling x4  
  145  10:59  Mutalisk x2  
  145  11:00  Mutalisk, Zergling x4  
  145  11:01  Zergling x4  
Tags
 
Add a new tag
Caveats
  • Supply blocks, unpowered buildings, or Contaminate may cause inaccurate times.
  • Supply counts are checked every 10 seconds.